 Dungeon Crawl Stone Soup version 0.27-a0-604-g29a88b33a7 (webtiles) character file.

Game seed: 6035687834939398213

53 sahdkjhfkaj the Insei (level 4, -2/33 HPs)
             Began as a Human Transmuter on Mar 13, 2021.
             Slain by a gnoll
             ... wielding a +0 spear
              (5 damage)
             ... on level 2 of the Dungeon.
             The game lasted 00:01:51 (1950 turns).

sahdkjhfkaj the Insei (Human Transmuter)            Turns: 1950, Time: 00:01:52

Health: -2/33      AC:  2    Str: 10    XL:     4   Next: 11%
Magic:  4/7        EV: 19    Int: 15    God:
Gold:   172        SH:  0    Dex: 18    Spells: 3/7 levels left

rFire    . . .     SeeInvis .     - Unarmed
rCold    . . .     Faith    .   (shield currently unavailable)
rNeg     . . .     Spirit   .   (armour currently unavailable)
rPois    x         Reflect  .   (helmet currently unavailable)
rElec    .         Harm     .   (cloak currently unavailable)
rCorr    .         Rampage  .   (gloves currently unavailable)
Will     .....                  (boots currently unavailable)
Stlth    ++........             (no amulet)
HPRegen  0.11/turn              (no ring)
MPRegen  0.10/turn              (no ring)

@: spider-form (expiring)
A: tiny
a: End Transformation


You were on level 2 of the Dungeon.
You were a venomous arachnid creature.
You visited 1 branch of the dungeon, and saw 3 of its levels.

You collected 172 gold pieces.

Inventory:

Armour
 a - a +0 robe (melded)
Wands
 j - a wand of polymorph (11)
Scrolls
 c - 4 scrolls of identify {unknown}
 d - a scroll of enchant weapon {unknown}
 f - 2 scrolls of random uselessness {unknown}
 l - a scroll of amnesia {unknown}
Potions
 b - a potion of degeneration {unknown}
 e - 3 potions of curing {unknown}
 g - a potion of might {unknown}
 h - a potion of cancellation {unknown}
 i - a potion of haste {unknown}
 k - a potion of invisibility {unknown}


   Skills:
 - Level 2.0 Fighting
 - Level 2.0 Dodging
 - Level 3.0 Unarmed Combat
 - Level 2.0 Spellcasting
 + Level 2.8 Transmutations
 - Level 2.0 Poison Magic


You had 3 spell levels left.
You knew the following spells:

 Your Spells              Type           Power      Damage    Failure   Level
a - Beastly Appendage     Tmut           20%        N/A       19%         1
x - Spider Form           Tmut/Pois      4%         N/A       45%         3

Your spell library contained the following spells:

 Spells                   Type           Power      Damage    Failure   Level
 Wereblood                Tmut           10%        N/A       26%         2
 Ice Form                 Ice/Tmut       5%         N/A       90%         4
 Blade Hands              Tmut           5%         N/A       96%         5


Dungeon Overview and Level Annotations

Branches:
Dungeon (3/15)

Altars:


Message History

The ball python hisses angrily.
The gnoll hits you from afar with a +0 spear.
You hit the gnoll but do no damage. You claw the gnoll, but do no damage.
The gnoll misses you.
You closely miss the gnoll. You headbutt the gnoll.
The gnoll is moderately wounded.
The gnoll hits you from afar with a +0 spear.
The gnoll misses you. The gnoll closely misses you.
The gnoll hits you from afar with a +0 spear!
Your transformation is almost over.
Casting: Beastly Appendage (safe; 7% risk of failure)
Confirm with . or Enter, or press ? or * to list all spells.
You extend your transformation's duration.
The gnoll closely misses you. The ball python barely misses you.
The ball python closely misses you. The ball python bites you.
The ball python misses you.
There is a stone staircase leading up here.
You hit the ball python.
You kill the ball python!
Your transformation is almost over.
The gnoll hits you with a +0 spear. The gnoll barely misses you.
The gnoll hits you from afar with a +0 spear.
There is a stone staircase leading up here.
The gnoll hits you with a +0 spear!
* * * LOW HITPOINT WARNING * * *
The gnoll closely misses you.
You climb upwards.
There is a stone staircase leading down here.
Unknown command.
Okay, then.
Okay, then.
Casting: Beastly Appendage (safe; 7% risk of failure)
Confirm with . or Enter, or press ? or * to list all spells.
The spell is quite dangerous to cast (24% risk of failure)!
Continue anyway?
Your horns disappear.
Your talons disappear.
You turn into a venomous arachnid creature.
Your +0 robe melds into your body.
The gnoll hits you but does no damage. The gnoll hits you with a +0 spear.
You die...

...^....# #..## ####≈≈≈≈
........# ##..# ##...≈..
.####...# ##.# #..#..≈≈
.#)[#...#######.# #.####.#
.#..#........##.#### #.# #<.
.##)#...###.###....## #.# #..
.P......#...###.....## #.####.#
........#.####..g....#
###.##...#
......†...####..s....#
#...##.###
########.....#..g....###.###..#
# #....##........##...##..## #
#..................###.#####
#....####..................#
#....# #.......#.###...##..
####.## ##......#.###.#.....
###..## ##...#.#.#...#####.
##.....########.#.#.### ##


You could see 2 gnolls.

Vanquished Creatures
  3 dart slugs
  5 bats
  4 giant cockroaches
  6 goblins
  5 hobgoblins
  3 jackals (D:1)
  A ball python (D:3)
  3 frilled lizards
  7 kobolds
  7 rats
44 creatures vanquished.

Notes
Turn   | Place    | Note
-------+----------+-------------------------------------------
     0 | D:1      | sahdkjhfkaj the Human Transmuter began the quest for the
                  | Orb.
     0 | D:1      | Reached XP level 1. HP: 15/15 MP: 3/3
    92 | D:1      | Reached skill level 1 in Poison Magic
    92 | D:1      | Reached XP level 2. HP: 14/21 MP: 1/5
   542 | D:1      | Reached XP level 3. HP: 27/27 MP: 4/6
  1326 | D:2      | Found a faded altar of an unknown god.
  1356 | D:2      | Learned a level 3 spell: Spider Form
  1626 | D:2      | Reached XP level 4. HP: 29/33 MP: 5/7
  1950 | D:2      | Slain by a gnoll

Illustrated notes

Levels and vault maps discovered:
D:1:      tarquinn_simple_flora_water_f, layout_basic, serial_park_tiny_2
D:2:      layout_rooms, chequers_ecumenical_altar_island, corexii_shack,
          chequers_serial_rivers_marsh
D:3:      layout_basic, ashenzari_conservatory_becter, serial_undead,
          serial_undead_e, serial_undead_c, serial_undead_c, serial_undead_e,
          serial_undead_b, serial_undead_d, serial_undead_c,
          minmay_misc_feat_tower, kennysheep_generic_room_6, uniq_sigmund

Skill      XL: |  1  2  3 |
---------------+----------+-----
Poison Magic   | 1 2 |  2.0
Fighting       | 2 |  2.0
Dodging        | |  2.0
Unarmed Combat | |  3.0
Spellcasting   | |  2.0
Transmutations | |  2.8

Action                   |  1- 3 |  4- 6 || total
-------------------------+-------+-------++-------
Melee: Unarmed           |    81 |    12 ||    93
       Kick              |    19 |     1 ||    20
       Headbutt          |     8 |     1 ||     9
 Cast: Beastly Appendage |    33 |     5 ||    38
       Spider Form       |       |     1 ||     1
 Stab: Sleeping          |     1 |       ||     1
Armor: Robe              |     9 |     1 ||    10
Dodge: Dodged            |    46 |    13 ||    59

Table legend: (Time is in decaauts)
 A = Elapsed time spent in this place.
 B = Non-inter-level travel time spent in this place.
 C = Inter-level travel time spent in this place.
 D = Time resting spent in this place.
 E = Time spent auto-exploring this place.
 F = Levels seen in this place.
 G = Mean time per level.
                   A        B        C        D        E       F      G
               +--------+--------+--------+--------+--------+-----+--------+
         Total |   1959 |   1898 |     61 |      0 |   1586 |   3 |  653.0 |
       Dungeon |   1959 |   1898 |     61 |      0 |   1586 |   3 |  653.0 |
               +--------+--------+--------+--------+--------+-----+--------+

Top non-repeatable levels by time:
     D:1: 1010 daAuts
     D:2: 871 daAuts
     D:3: 77 daAuts
